montu, chaotic male human Wizard ---------- |........| ------------- |........| |...........| #-........| #%...........| ###|........| #|...........| # ---|------ #|...........| ### ####### #-.---------+- # # # #### -------- # ### # # |...<..| # # ## # ### |.......# # ##* ### # # |......|# # ### # # ### |..*...|# ------# ################## # |......|# |....|# #--------.---.---# ---)- --------# |.....# #|..............| |..(| ### |....| #|..............| |...@a # |....| #|............... |..I| ##.....|#######|..............| |...| ------ ---------------- ----- montu the Thaumaturge Experience level: 8 Strength: 12 Dexterity: 15 Constitution: 16 Intelligence: 18 Wisdom: 11 Charisma: 9 Health: 0(85) Energy: 51(71) Def: 1 Gold: 1532 Moves: 8244 Dungeon seed: 37mQpEORhGcOJwNa Game ID: montu_1703729646 Your Inventory: Coins $ - 1532 gold pieces Weapons a - a blessed +1 quarterstaff (weapon in hands) Armor e - an uncursed +0 cloak of magic resistance (being worn) Comestibles f - 2 uncursed lembas wafers t - an uncursed clove of garlic w - an uncursed partly eaten food ration F - 3 uncursed food rations L - an uncursed melon Q - an uncursed slime mold S - 2 uncursed carrots Scrolls i - a blessed scroll of amnesia m - an uncursed scroll of fire C - an uncursed scroll of recall H - a cursed scroll of earth I - an uncursed scroll of earth V - an uncursed scroll of blank paper Y - an uncursed scroll of amnesia Potions j - an uncursed potion of speed p - an uncursed potion of sleeping Rings G - an uncursed ring of levitation K - an uncursed ring of polymorph control R - an uncursed ring of slow digestion U - an uncursed ring of warning Wands d - an uncursed wand of slow monster (0:7) g - an uncursed wand of striking (0:1) l - an uncursed wand of speed monster (0:5) n - an uncursed wand of lightning (0:6) J - an uncursed wand of summoning (0:8) P - an uncursed wand of cancellation (0:6) Tools b - an uncursed bag of holding h - an uncursed blindfold k - an uncursed blindfold s - an uncursed tin whistle u - an uncursed +0 unicorn horn Gems o - 2 uncursed jasper stones q - an uncursed emerald r - an uncursed worthless piece of black glass v - an uncursed worthless piece of red glass y - an uncursed opal z - an uncursed worthless piece of yellow glass N - an uncursed worthless piece of orange glass Contents of the bag of holding: an uncursed potion of booze an uncursed potion of full healing a cursed potion of wonder Spells and supernatural/magical abilities: Spell marked with ':' is quivered. Name Level Category Cost Memory a - force bolt 1 attack 5pw 87% h - healing 1 healing 12pw 87% m - magic missile 2 : attack 10pw 87% x - extra healing 3 healing 37pw 91% B - cure blindness 2 healing 25pw 91% O - summoning 2 clerical 25pw 87% R - restore ability 4 healing 50pw 91% W - pray for help -- divine ? -- Your skills at the end: Fighting Skills wands [Basic] Weapon Skills quarterstaff [Basic] Spellcasting Skills attack spells [Expert] enchantment spells [Basic] Final Attributes: You were piously aligned. You were magic resistant. You were telepathic. You were lucky. You last prayed 17 turns ago. Anhur was noncommittal. You are dead. Vanquished creatures: 2 giant mimics 2 leprechauns a giant spider a dingo a white unicorn an ape a wood nymph 2 rock piercers 3 rock moles 2 yellow lights a kobold mummy a red naga hatchling 3 black naga hatchlings a golden naga hatchling a guardian naga hatchling a gray ooze an elf zombie a straw golem a paper golem 6 baby crocodiles 2 giant ants 2 little dogs 2 floating eyes 2 kittens 5 hill orcs 3 rothes 2 rabid rats 3 centipedes a giant bat 3 monkeys an orc zombie 5 dwarf zombies 5 iguanas 8 killer bees a gas spore 3 hobbits 2 manes 2 hobgoblins 6 giant rats 3 brown molds a yellow mold 2 green molds 3 red molds 2 gnomes 2 garter snakes 2 gnome zombies 4 geckos 10 jackals 9 foxes a kobold 2 goblins 5 sewer rats 10 grid bugs 4 bats 7 lichens 13 newts 171 creatures vanquished. Voluntary challenges: You used a wielded weapon 176 times, starting on turn 77. You read items or engraved 31 times, starting on turn 1478. You never genocided any monsters. You never polymorphed an object. You never changed form. You used no wishes. You never split a pudding. You wrote Elbereth's name 2 times, starting on turn 2305. You violated your moral code, losing 13 points of alignment, starting on turn 157. Dungeon overview: The Dungeons of Doom: levels 1 to 8 Level 1 a long staircase Level 2 a fountain Level 3 a fountain a long staircase Level 4 a fountain Level 5 many fountains Level 6 stairs to Sokoban Level 7 a fountain Level 8 <- You were here a vault Sokoban: levels 2 to 5 Level 2 Solved Level 3 Solved Level 4 Solved Level 5 Solved stairs to The Dungeons of Doom History has recorded: On T:1 you entered the Dungeons of Doom to retrieve the Amulet of Yendor! On T:382 you reached level 2 of The Dungeons of Doom. On T:747 you reached level 3 of The Dungeons of Doom. On T:1057 you advanced to experience level 2. On T:1340 you reached level 4 of The Dungeons of Doom. On T:1374 you advanced to experience level 3. On T:1581 you advanced to experience level 4. On T:1991 you reached level 5 of The Dungeons of Doom. On T:2441 you advanced to experience level 5. On T:2785 you reached level 6 of The Dungeons of Doom. On T:3437 you reached level 4 of Sokoban. On T:3496 you advanced to experience level 6. On T:3909 you reached level 3 of Sokoban. On T:4740 you reached level 2 of Sokoban. On T:5293 you reached level 1 of Sokoban. On T:5305 you advanced to experience level 7. On T:7249 you reached level 7 of The Dungeons of Doom. On T:8024 you reached level 8 of The Dungeons of Doom. On T:8070 you advanced to experience level 8. Score breakdown: Gold: 1532 (10836 points) Experience: 8 levels (14739 points) Exploration: 8 levels ( 15.09%) (11006 points) Discoveries: 7 items ( 2.35%) ( 4597 points) Valuables value: (no points given unless you survive) Artifact value: 0 ( 0 points) Variety of kills: 56 monsters ( 14.74%) (11516 points) Turncount: 8244 turns (-2093 points) Survival: died (score multiplied by 80%) Total score: 40480 Latest messages: You hit it. You attack thin air. You are hit by a dagger. You see here a chest. $ - 161 gold pieces. You see here a chest. You feel better. You feel better. The door opens. You stop exploring. You hit the killer bee. The killer bee just misses! You kill the killer bee! The killer bee stings! You kill the killer bee! It hits! (4x) You miss the killer bee. It hits! (2x) The killer bee stings! It hits! (2x) You die... Final status: Goodbye montu the Wizard, killed by an invisible valkyrie called "Merlek"... You died in The Dungeons of Doom on dungeon level 8 with 40480 points, and 1532 pieces of gold, after 8244 moves. You were level 8 with a maximum of 85 hit points when you died.